[Event "4th Tata Steel India Rapid Open 2022"]
[Site "Kolkota"]
[Date "2022.12.01"]
[Round "9.1"]
[White "So, Wesley"]
[Black "Gukesh D"]
[Result "1-0"]
[ECO "D38"]
[WhiteElo "2760"]
[BlackElo "2725"]
[Annotator "TA"]
[PlyCount "101"]
[EventDate "2022.11.29"]
[EventType "tourn"]
[EventCountry "IND"]
[SourceTitle "playchess.com"]
[Source "ChessBase"]
[SourceQuality "1"]
[TimeControl "900+10"]

1. d4 Nf6 2. c4 e6 3. Nc3 Bb4 4. Nf3 d5 5. Qa4+ Nc6 6. e3 O-O 7. Bd2 {[%emt 0:00:00] 7.Qc2 is the modern continuation.} Re8 {[%emt 0:00:00] D38: Queen's Gambit Declined: Ragozin Defence (4 Nf3 Bb4).} 8. a3 Bf8 9. Rd1 (9. Be2 {keeps more tension.} dxc4 10. Bxc4 e5 11. Ng5) 9... h6 {[%emt 0:00:00] The position is equal.} 10. h3 {[%emt 0:00:00] [#]} dxc4 $146 ({Predecessor:} 10... Bd7 11. Qc2 e5 12. dxe5 Nxe5 13. Nxd5 Nxf3+ 14. gxf3 Nxd5 15. cxd5 c6 16. Qb3 cxd5 17. Qxd5 {½-½ (60) Keymer,V (2675)-Niemann,H (2678) Prague 2022}) 11. Bxc4 e5 12. Qb3 {[%emt 0:00:00] White is more active.} (12. d5 {simplifies} Nb8 13. e4 Nbd7 14. Qc2) 12... Qd7 13. Nxe5 (13. dxe5 {with more complications.} Nxe5 14. Nxe5 Rxe5 15. Bc1) 13... Nxe5 14. dxe5 Rxe5 15. Ne2 {[%emt 0:00:00] Threatens to win with Bc3.} b5 16. Bd3 Qc6 17. Bc3 Rg5 (17... Be6 18. Qc2 Rg5 19. h4 $14) 18. Nf4 Nh5 19. Qc2 $1 Bb7 $1 20. f3 (20. Nxh5 $11 {keeps the balance.} Qxg2 21. Nf6+ (21. Bh7+ Kh8 $17) 21... gxf6 22. Rf1) 20... Re8 (20... Nxf4 $6 21. exf4 Re8+ 22. Be4 $11) (20... Qc5 $17 21. Nxh5 (21. Bh7+ Kh8 $15) 21... Qxe3+ 22. Kf1 Rxh5) 21. O-O $1 $11 Rxe3 22. h4 {[%emt 0:00:03] [#]} Qc5 23. Bh7+ $16 {[%emt 0:00:28][%cal Bd3h7,Bh7c2,Bc2b3][%mdl 32] White stays focused until the end.} (23. hxg5 $2 Re2+ 24. Kh2 Rxc2 25. Bxc2 Nxf4 $19) 23... Kh8 24. Bd4 {[%emt 0:00:01][%mdl 64] Discovered Attack} Qxc2 (24... Qe7 $16) 25. Bxc2 $18 {[%emt 0:00:02] Really sharp!} Nxf4 26. hxg5 ({Worse is} 26. Bxe3 Rxg2+ 27. Kh1 Rxc2 $11) 26... Re6 (26... Re2 $142 27. Rf2 hxg5 28. Bxa7 Re8) 27. Bxa7 {[%emt 0:00:18] Strongly threatening Rd8.} Bd6 28. Rfe1 hxg5 29. Bb3 $40 {[%emt 0:00:23][%mdl 128] Against Bd5. White wants a kill.} Rf6 (29... Rxe1+ $142 30. Rxe1 f6) 30. Bd4 Rh6 31. Bxf7 g4 32. fxg4 Bxg2 (32... Kh7 $142 33. Kf2 Rh2) 33. g5 Rh3 (33... Rh1+ 34. Kf2 Rh3 35. Re8+ Kh7 36. g6+ Kh6 37. Rh8+ Kg5) 34. Re8+ Kh7 35. g6+ Kh6 {[%emt 0:00:01] Hoping for ...Rh1+.} 36. Rh8+ Kg5 37. Rxh3 ({Weaker is} 37. Bxg7 Rg3 $18) 37... Bxh3 38. Bxg7 Bg4 39. Bc3 {[%emt 0:00:33] g7 is the strong threat.} ({Don't do} 39. Rd2 Bf3 40. Bc3 Nxg6 $18) 39... Bh5 {[%emt 0:00:35] [#]} (39... Nxg6 $142 40. Rd5+ Bf5) 40. Bd2 $1 {[%emt 0:00:18] aiming for Bxf4+.} Bxg6 (40... Be5 41. Bxf4+) 41. Bxf4+ Bxf4 {[%emt 0:00:01][%mdl 4096] Endgame KRB-KB} 42. Rd5+ Kh6 43. Bxg6 c6 44. Rf5 Be3+ 45. Kf1 {[%emt 0:00:08] Be8 would kill now.} Kxg6 {[%emt 0:00:01] KR-KB} 46. Rf3 Bc1 47. b4 Bb2 48. Ke2 {[%emt 0:00:07] White threatens Kd1 and mate.} Bd4 49. Kd3 {[%emt 0:00:07] White mates.} c5 50. Ke4 Kg5 51. bxc5 {[%emt 0:00:05] Weighted Error Value: White=0.24 (precise) /Black=0.56} 1-0

[Event "4th Tata Steel India Rapid Open 2022"]
[Site "Kolkota"]
[Date "2022.12.01"]
[Round "9.2"]
[White "Sethuraman, S.P."]
[Black "Nakamura, Hikaru"]
[Result "0-1"]
[ECO "B06"]
[WhiteElo "2643"]
[BlackElo "2768"]
[Annotator "TA"]
[PlyCount "148"]
[EventDate "2022.11.29"]
[EventType "tourn"]
[EventCountry "IND"]
[SourceTitle "playchess.com"]
[Source "ChessBase"]
[SourceQuality "1"]
[TimeControl "900+10"]

1. e4 g6 2. d4 Bg7 3. Nf3 d6 4. c3 Nc6 5. Bd3 Nf6 6. h3 O-O 7. d5 Nb8 8. c4 e5 9. Nc3 a5 10. Bg5 Qe8 11. Qd2 Nfd7 12. g4 Nc5 13. Bc2 Nba6 14. a3 Bd7 15. Qe2 Na4 16. Nxa4 Bxa4 17. b3 Bd7 18. Nd2 c6 19. h4 cxd5 20. exd5 e4 21. Rd1 (21. Rb1 $15) 21... f5 ({Black should play} 21... Qe5 $17 22. O-O (22. Bxe4 $2 Rae8 $19) 22... Rae8) 22. gxf5 gxf5 (22... Bxf5 $5 23. Bxe4 (23. Nxe4 Qe5 $15) 23... Nc5 24. Bxf5 Rxf5 $15) 23. Rg1 Kh8 24. Bf4 Qe7 25. Qe3 Be5 26. Bxe5+ Qxe5 27. f4 Qf6 28. Rg5 (28. Nb1 $17) 28... h6 $19 29. Rg3 Rg8 (29... Qxh4 30. Ke2 Rg8 31. Qc3+ Kh7 32. Nxe4 (32. Rdg1 Rxg3 33. Qxg3 Qxg3 $17) 32... Qh2+ 33. Kf1 Qh1+ 34. Kf2 Qh2+ 35. Kf1 Qh1+ 36. Kf2 Qh2+ 37. Kf1 $11) 30. Nf1 Rxg3 (30... Qxh4 31. Rd2 Rxg3 32. Qxg3 Qxg3+ 33. Nxg3 $17) (30... Kh7 $19 31. Rd2 Rxg3 32. Nxg3 Rg8) 31. Nxg3 $17 Rg8 $1 (31... Qxh4 32. Kd2 Rg8 33. Ne2 $15 (33. Nxe4 $2 fxe4 34. Qxe4 Rg7 $19)) 32. Kd2 Rg4 (32... b5 $1 $17 33. Ne2 (33. Nxe4 $2 fxe4 34. Rg1 Rxg1 $19) 33... bxc4 34. bxc4 Kh7) 33. Rg1 $15 Rxh4 34. Ne2 Be8 (34... Rh2 $2 35. Qg3 Rxe2+ 36. Kxe2 $18) (34... Kh7 $15 {feels stronger.}) 35. Qd4 $11 (35. Qg3 Rg4 36. Qf2 Rxg1 37. Qxg1 Bh5 $17) 35... Qxd4+ 36. Nxd4 Rg4 (36... Rxf4 $11 37. Ke3 Rg4 38. Rxg4 fxg4) 37. Rh1 Rg2+ 38. Kc3 $1 Rg3+ 39. Kd2 (39. Kb2 $14 {was preferrable.} Bg6 40. Nb5 (40. Rxh6+ Kg7 $11)) 39... Bg6 40. Rxh6+ (40. Nb5 $5 ) 40... Kg7 41. Rh2 Nc5 42. Re2 (42. b4 $5 Nd3 43. c5 $16) 42... Kf6 43. Re3 (43. Rh2 $1 $11) 43... Rg4 $15 44. Ne2 $1 (44. b4 axb4 45. axb4 Na6 $17) 44... Rh4 $1 45. b4 Na6 46. Kc3 axb4+ 47. axb4 Be8 (47... b6 $15) 48. Bb3 (48. Ng3 $1 $11) 48... Bh5 $1 $17 49. Ng3 $2 (49. Nd4 $17 {was necessary.}) 49... Bf3 $19 50. Ba4 Rxf4 51. Bd7 Bg4 $2 (51... Ke5 $1 $19 {Threatens to win with ...Rg4.} 52. Nxf5 Rxf5 53. Bxf5 Kxf5) 52. Bc8 $11 Rf2 53. Nxe4+ fxe4 54. Bxg4 Ke5 55. Bc8 $2 (55. Rh3 $11) 55... Kf4 $1 $19 56. Re1 Rf3+ 57. Kd2 Nxb4 58. Bxb7 (58. Rh1 $142 Rd3+ 59. Ke2) 58... Rd3+ $19 59. Ke2 Re3+ 60. Kd2 Rxe1 61. Kxe1 Ke3 62. Bc8 Nd3+ 63. Kf1 Kd4 64. Ke2 Nc5 ({Inferior is} 64... Kxc4 65. Ke3 $11) 65. Be6 {[%emt 0:00:07] [#]} Nd3 $2 ({Weaker is} 65... Kxc4 66. Ke3 $11) (65... Na4 $1 {mates} 66. Kf2 Nb2 67. c5 Nd3+ 68. Ke2 Nxc5 69. Bg8 Nd3 70. Bf7 Nf4+ 71. Ke1 e3 72. Be8 Kxd5 73. Bd7 Kd4 74. Kf1 Kd3 75. Bg4 Kd2 76. Bf3 e2+ 77. Bxe2 Nxe2 78. Kf2 d5 79. Kf3 d4 80. Kg4 d3 81. Kf3 Kc2 82. Kg4 d2 83. Kf5 d1=Q 84. Ke6 Qd8 85. Ke5 Kd3 86. Kf5 Qd6 87. Kg5 Ke4 88. Kg4 Qg3+ 89. Kh5 Nf4+ 90. Kh6 Qg6#) 66. Bf5 {[%emt 0:00:01] [#]} (66. Bc8 $11 {remains equal.} Nf4+ 67. Kf1 Kxc4 68. Be6) 66... Nf4+ ({Much weaker is} 66... Kxc4 $6 67. Ke3 $11) ({Better is} 66... Ke5 $1 $17 67. Bc8 Kd4) 67. Kf2 $11 e3+ (67... Nh5 {simplifies} 68. c5 Kxc5 69. Ke3 Kxd5 70. Bxe4+ Kc4) 68. Kf3 e2 69. Kf2 Kxc4 70. Ke1 Kc3 71. Bh7 Kd4 72. Kd2 Ke5 73. Bc2 Kf6 74. Bb3 $2 (74. Be4 $11) 74... Nd3 $1 0-1

[Event "4th Tata Steel India Rapid Open 2022"]
[Site "Kolkota"]
[Date "2022.12.01"]
[Round "9.3"]
[White "Mamedyarov, Shakhriyar"]
[Black "Vidit, Santosh Gujrathi"]
[Result "1/2-1/2"]
[ECO "D41"]
[WhiteElo "2741"]
[BlackElo "2724"]
[Annotator "TA"]
[PlyCount "72"]
[EventDate "2022.11.29"]
[EventType "tourn"]
[EventCountry "IND"]
[SourceTitle "playchess.com"]
[Source "ChessBase"]
[SourceQuality "1"]
[TimeControl "900+10"]

1. d4 Nf6 2. c4 e6 3. Nf3 d5 4. Nc3 c5 5. cxd5 cxd4 6. Qa4+ (6. Qxd4 exd5 7. Bg5 Be7 8. e3 O-O 9. Be2 h6 10. Bh4 Nc6 11. Qd1 Be6 12. O-O Rc8 13. a3 Ne4 14. Bxe7 Nxe7 15. Nxe4 dxe4 16. Nd4 Bd5 17. Qd2 Qb6 18. Rac1 Rxc1 19. Rxc1 Rd8 20. h3 Nc6 21. Nxc6 Bxc6 22. Qc3 {1-0 (57) Mamedyarov,S (2767)-Vidit,S (2727) Warsaw 2021}) 6... Bd7 7. Qxd4 exd5 8. Nxd5 {[%emt 0:00:07] aiming for Qe5+. D41: Queen's Gambit Declined: Semi-Tarrasch with 5 cxd5.} Nxd5 (8... Qa5+ $11 9. Nc3 Nc6 10. Qe3+ Be6) 9. Qxd5 $14 Nc6 10. e3 {[%emt 0:00:32] White is better.} Bb4+ 11. Bd2 Qe7 12. a3 Bxd2+ 13. Qxd2 (13. Kxd2 $6 Rd8 14. Ke1 O-O $11) (13. Nxd2 O-O $11) 13... O-O-O 14. Qc3 Kb8 15. Be2 g5 {[%emt 0:00:19] [#]} 16. O-O $146 ({Predecessor:} 16. Rd1 g4 17. Nd4 h5 18. O-O Ne5 19. Qb4 Qf6 20. Rd2 h4 21. Nb3 Bc6 22. Rxd8+ Rxd8 {1-0 (87) Jobava,B (2603)-Vidit,S (2726) chess24.com INT 2021}) 16... g4 17. Nd4 (17. Nd2 {simplifies} h5 18. Rac1 Qe5 19. Qxe5+ Nxe5 20. Nb3) 17... Ne5 18. Rac1 {[%emt 0:00:55] And now Qc7+ would win.} (18. Rfc1 {simplifies} Rc8 19. Qd2 h5 20. Rxc8+ Bxc8 21. Qa5) 18... Rc8 {[%emt 0:00:13] Prevents Qc7+.} 19. Qa5 (19. Qd2 {simplifies} h5 20. Rxc8+ Rxc8 21. Rc1) 19... h5 20. Bb5 {[%emt 0:01:26] White is more active.} (20. Rxc8+ {simplifies} Rxc8 21. g3 Qc5 22. Qxc5 Rxc5 23. Rd1) 20... b6 21. Qa4 (21. Rxc8+ {simplifies} Rxc8 22. Qa4 Bxb5 23. Qxb5 Qc5 24. a4) 21... Bxb5 22. Qxb5 h4 23. Qd5 h3 24. Rfd1 Qf6 25. g3 (25. Qe4 $16) 25... Nd3 $11 {[%emt 0:00:38][%mdl 64] [#]} 26. Rxc8+ Rxc8 27. Nf5 {[%emt 0:00:01] The board is on fire.} (27. Rxd3 $2 Rc1+) 27... Rd8 28. Qe4 {[%emt 0:00:19] [#]} ({Better is} 28. Qb5 $11 a6 29. Qb3 (29. Qxa6 $2 Qxb2 30. Rf1 Nxf2 $19) 29... Qxf5 30. Qxb6+ Kc8 31. Qc6+ (31. Qxa6+ Kc7 $17) 31... Kb8 32. Qb6+ Kc8 33. Qc6+ (33. Qxa6+ Kc7 $17) 33... Kb8 34. Qb6+) 28... Qxb2 $1 $15 29. Rf1 {[%emt 0:00:05] Black must now prevent Qe7.} Ne5 {[%emt 0:00:28] Hoping for ...Nf3+.} 30. Nd4 {[%emt 0:00:02] Inhibits Nf3+.} f6 31. Qh7 $2 (31. Nc6+ $1 $11 {and White has nothing to worry.} Nxc6 32. Qxc6) 31... Rc8 $19 32. a4 Rc1 $2 (32... Qa2 $19 {( -> ...Qd5)} 33. Re1 (33. Qe4 $2 Qc4 $19) 33... Rc7) 33. Qg8+ $11 {[%emt 0:00:30] The position is equal.} (33. Qh8+ Kb7 34. Qg8 Ka6 $19) 33... Kb7 34. Qd5+ Kb8 35. Qg8+ Kb7 {[%emt 0:00:06] Strongly threatening ...Ka6.} 36. Qd5+ Kb8 {[%emt 0:00:06] Weighted Error Value: White=0.26 (precise) /Black=0.24 (precise)} 1/2-1/2

[Event "4th Tata Steel India Rapid Open 2022"]
[Site "Kolkota"]
[Date "2022.12.01"]
[Round "9.4"]
[White "Erigaisi Arjun"]
[Black "Nihal Sarin"]
[Result "1-0"]
[ECO "C54"]
[WhiteElo "2718"]
[BlackElo "2670"]
[Annotator "TA"]
[PlyCount "117"]
[EventDate "2022.11.29"]
[EventType "tourn"]
[EventCountry "IND"]
[SourceTitle "playchess.com"]
[Source "ChessBase"]
[SourceQuality "1"]
[TimeControl "900+10"]

1. e4 e5 2. Nf3 Nc6 3. Bc4 Bc5 4. c3 Nf6 5. d3 O-O 6. O-O d5 7. exd5 Nxd5 8. a4 {[%emt 0:00:02] C54: Giuoco Piano: 4 c3 Nf6, main lines with 5 d4 and 5 d3.} (8. Re1 $5 ) 8... a5 9. Nbd2 (9. Re1 {is interesting.} Bg4 10. Nbd2 Nb6 11. Bb5) 9... Nb6 10. Bb5 {[%emt 0:00:11] The position is equal.} Bd6 11. Re1 Bg4 12. Ne4 Na7 13. h3 Bh5 14. d4 Nxb5 (14... exd4 {with more complications.} 15. Qxd4 Nxb5 16. axb5 Re8) 15. axb5 exd4 16. Nxd6 Qxd6 17. Qxd4 Qxd4 18. Nxd4 Bg6 19. Bf4 Rfc8 20. Bg3 a4 21. Re7 Nc4 {[%emt 0:00:02] [#]} 22. Bxc7 $146 ({Much worse is} 22. Rxc7 Rxc7 23. Bxc7 Nxb2 $17) (22. b3 {simplifies} axb3 23. Rxa8 Rxa8 24. Nxb3 Rc8 25. Rxc7 Rxc7 26. Bxc7 f6 27. g4) ({Predecessor:} 22. b3 axb3 23. Rxa8 Rxa8 24. Nxb3 Rc8 25. Rxc7 Rxc7 26. Bxc7 b6 27. Kf1 Bd3+ 28. Ke1 {½-½ (35) Nepomniachtchi,I (2784)-Leko,P (2663) chess24.com INT 2020}) 22... Kf8 {[%emt 0:02:02] Prevents b6.} 23. Rae1 Re8 24. Rxe8+ Rxe8 25. Rc1 Nxb2 26. Bd6+ Kg8 27. c4 $1 Re4 {[%emt 0:01:35] [#] Against c5} 28. c5 $1 Rxd4 {[%emt 0:00:19] [#]} (28... Nd3 29. c6) 29. c6 $1 bxc6 (29... Rxd6 $2 30. cxb7 h5 31. b8=Q+ $18 (31. b8=B $2 {is the wrong capture.} Rb6 $19)) 30. Rxc6 Rc4 $2 {[%emt 0:01:20] [#] Black cannot hold the game after this.} (30... Rd1+ $16 31. Kh2 f6) 31. Bc5 $1 $18 h6 32. b6 Rc1+ 33. Kh2 {[%emt 0:00:02] Strongly threatening b7.} Rxc5 (33... a3 $2 34. b7 Kh7 35. b8=Q $18 (35. b8=B $2 {too greedy.} a2 $19)) 34. Rxc5 {[%emt 0:00:07] Threatens to win with b7.} Be4 {[%emt 0:00:00] Prevents b7.} 35. f3 Bb7 36. Rc7 {[%emt 0:00:05] Against a3} Bd5 37. b7 Bxb7 38. Rxb7 {[%emt 0:00:01][%mdl 4096] Endgame KR-KN} Nd3 39. Rd7 Nb2 40. Rd2 Nc4 (40... a3 $2 41. Rd8+ Kh7 42. Ra8) 41. Rd4 Nb2 42. Rb4 {[%emt 0:00:03] Against g5} Nd3 43. Rxa4 g5 $2 (43... Nc5) 44. Kg3 Kg7 45. Rd4 Nc5 (45... Ne5 46. f4 gxf4+ 47. Kxf4 Ng6+ 48. Kg4 Kf6 49. Rd6+ Ke7) 46. Rd6 Ne6 47. Kf2 Nf4 48. Rd4 Ne6 49. Rc4 f5 $2 (49... Nf4 50. g3 Ne6) 50. g3 Kf6 51. Rb4 Ke5 (51... f4 $142 52. g4 Nd8 53. Rb6+ Kg7) 52. Rb5+ Kf6 53. Rb6 {[%emt 0:00:45] aiming for g4.} Ke5 (53... f4 $142 54. gxf4 gxf4) 54. g4 Kf6 55. Ke3 fxg4 56. hxg4 {[%emt 0:00:19] Intending Ke4 and mate.} Ke5 57. Ra6 Kf6 58. Ke4 Kf7 59. Ke5 {[%emt 0:00:08] Weighted Error Value: White=0.11 (very precise) /Black=0.47} 1-0

[Event "4th Tata Steel India Rapid Open 2022"]
[Site "Kolkota"]
[Date "2022.12.01"]
[Round "9.5"]
[White "Maghsoodloo, Parham"]
[Black "Abdusattorov, Nodirbek"]
[Result "1/2-1/2"]
[ECO "C90"]
[WhiteElo "2720"]
[BlackElo "2713"]
[Annotator "TA"]
[PlyCount "115"]
[EventDate "2022.11.29"]
[EventType "tourn"]
[EventCountry "IND"]
[SourceTitle "playchess.com"]
[Source "ChessBase"]
[SourceQuality "1"]
[TimeControl "900+10"]

1. e4 e5 2. Nf3 Nc6 3. Bb5 a6 4. Ba4 Nf6 5. O-O Be7 6. Re1 b5 7. Bb3 d6 8. c3 O-O 9. h3 Na5 10. Bc2 c5 11. d3 Re8 12. Nbd2 Bf8 13. Nf1 Nc6 14. Ng3 $1 {[%emt 0:00:10][%mdl 4] now scores much better than the old 14.Bg5.} h6 {[%emt 0:00:10] C90: Closed Ruy Lopez with 7...d6: Early deviations.} 15. Nh2 Be6 16. Qf3 g6 {[%emt 0:00:10] [#] Black is slightly better.} 17. h4 $146 ({Predecessor:} 17. Nhf1 d5 18. exd5 Nxd5 19. Ne3 Qf6 20. Bd1 Rad8 21. Ng4 Qxf3 22. Bxf3 Bxg4 23. hxg4 {½-½ (60) Saric,I (2626)-Kuljasevic,D (2561) Zadar 2012}) 17... d5 18. exd5 Bxd5 19. Ne4 Bg7 20. Qe3 (20. Rd1 $5 ) 20... Nd7 21. Qh3 (21. Ng4 $11 {keeps the balance.}) 21... Be6 (21... f5 $17 22. Nd2 Nf6) 22. Qg3 (22. Qf3 $11 {should be considered.}) 22... Ne7 $15 23. Nf3 Nf5 {[%emt 0:00:00] Prevents h5.} 24. Qh2 h5 25. Bb3 Bxb3 26. axb3 Qb6 27. Qh3 Nf6 {[%emt 0:01:50] Inhibits g4.} 28. Nxf6+ Bxf6 29. g4 hxg4 30. Qxg4 Ng7 {[%emt 0:00:00][%cal Bf5g7,Bg7h5,Bh5f4,Bf4d5][%mdl 32] Inhibits h5.} (30... Qe6 {looks sharper.} 31. Re4 Qxb3 32. h5 Qd1+) 31. Bg5 Nh5 (31... Rad8 $5 ) 32. Bxf6 $1 Qxf6 33. Re3 $1 Re6 34. Rae1 Rae8 35. Qg5 Nf4 {[%emt 0:00:00] [#] Threatens to win with ...Nh3+.} 36. Kh2 {[%emt 0:00:44] Prevents Nh3.} (36. Nxe5 $11 Qxg5+ 37. hxg5) 36... Nd5 $17 37. Qxf6 Rxf6 38. Rxe5 Rxe5 39. Rxe5 Rxf3 40. Rxd5 {[%emt 0:00:01] Black must now prevent Kg2.} Rxf2+ {[%emt 0:00:00][%mdl 4096] Endgame KR-KR} 41. Kg3 Rxb2 42. Rxc5 Rxb3 43. Kf4 b4 44. cxb4 Rxb4+ (44... Rxd3 $17 {...Rb3 is the strong threat.} 45. b5 axb5 46. Rxb5 Rd4+ 47. Kg5 Kg7) 45. Ke5 $1 $11 {[%emt 0:00:01] The position is equal.} Rxh4 46. d4 Kg7 {[%emt 0:01:44] Hoping for ...f6+.} 47. d5 Rh5+ 48. Kd6 g5 49. Rc1 g4 50. Kc6 f5 51. d6 g3 52. d7 Rh8 {[%emt 0:00:07] Against d8Q} 53. Rh1 {[%emt 0:00:13][%mdl 64] [#] Rxh8 would kill now.} Rd8 {[%emt 0:00:39] And now ...Kf6 would win.} 54. Rh3 f4 55. Rh4 Kg6 {[%emt 0:00:21] ( -> ...Kf5)} 56. Rxf4 Kg5 57. Rf7 Kg4 58. Kc7 {[%emt 0:00:16] Weighted Error Value: White=0.12 (very precise) /Black=0.10 (very precise)} 1/2-1/2